 Dungeon Crawl Stone Soup version 0.29.0-5-ge4962eb29e (webtiles) character file.

Game seed: 15115217966415135593

27185 nickcage the Bludgeoner (level 13, -10/116 HPs)
             Began as a Minotaur Abyssal Knight on Aug 29, 2022.
             Was the Champion of Lugonu.
             Killed from afar by an oklob plant (27 damage)
             ... with a splash of acid
             ... on level 2 of the Lair of Beasts.
             The game lasted 00:42:48 (18078 turns).

nickcage the Bludgeoner (Minotaur Abyssal Knight)  Turns: 18078, Time: 00:42:48

Health: -10/116    AC: 10    Str: 26    XL:     13   Next: 3%
Magic:  15/15      EV:  7    Int:  7    God:    Lugonu [******]
Gold:   637        SH: 18    Dex: 12    Spells: 11/12 levels left

rFire   x . .      SeeInvis .   N - +2 morningstar (protect)
rCold   + . .      Faith    .   m - +2 kite shield
rNeg    . . .      Spirit   .   z - +0 plate armour
rPois   +          Reflect  +   (helmet restricted)
rElec   .          Harm     .   B - +0 cloak
rCorr   .          Rampage  .   d - +0 pair of gloves
Will    +....                   e - +0 pair of boots
Stlth   ..........              R - amulet of Gaghul Piro {Reflect rPois Str+2 SH+5 Stlth+}
HPRegen 0.29/turn               T - ring of Truth {Ice rPois Str+2 Slay+2}
MPRegen 0.14/turn               y - ring of willpower

@: corroded, under a protective aura
A: horns 2, retaliatory headbutt
a: Renounce Religion, Depart the Abyss, Bend Space, Banish, Corrupt, Enter the
Abyss, Brand Weapon With Distortion


You were on level 2 of the Lair of Beasts.
You worshipped Lugonu.
Lugonu was exalted by your worship.
You visited 2 branches of the dungeon, and saw 13 of its levels.
You visited the Abyss 1 time.
You also visited: Ice Cave.

You collected 880 gold pieces.
You spent 243 gold pieces at shops.

Inventory:

Hand Weapons
 a - a +1 mace
 D - a +6 flail
 N - a +2 morningstar of protection (weapon)
 Y - a -2 demon whip of venom
Missiles
 A - 40 poisoned darts
 J - a throwing net
 L - a curare-tipped dart
Armour
 b - a +0 leather armour
 c - a +0 ring mail
 d - a +0 pair of gloves (worn)
 e - a +0 pair of boots (worn)
 g - a scarf of invisibility
 m - a +2 kite shield (worn)
 z - a +0 plate armour (worn)
 B - a +0 cloak (worn)
Jewellery
 u - a ring of flight
 y - a ring of willpower (right hand)
 G - an amulet of guardian spirit
 H - a ring of resist corrosion
 I - a ring of magical power
 P - a +6 ring of dexterity
 Q - a +6 ring of intelligence
 R - the amulet of Gaghul Piro (around neck) {Reflect rPois Str+2 SH+5 Stlth+}
   (You found it in an ice cave)

   [amulet of reflection]

   It reflects blocked missile attacks.
   Str:       It affects your strength (+2).
   rPois:     It protects you from poison.
   SH:        It affects your SH (+5).
   Stlth:     It makes you more stealthy.
 S - the ring "Gaonlal" {+Blink rF+ Int+6}
   (You found it in an ice cave)

   [ring of intelligence]

   Int:       It affects your intelligence (+6).
   rF:        It protects you from fire.
   +Blink:    It lets you blink.
 T - the ring of Truth (left hand) {Ice rPois Str+2 Slay+2}
   (You found it in an ice cave)

   [ring of ice]

   It enhances your ice magic.
   Str:       It affects your strength (+2).
   Slay:      It affects your accuracy & damage with ranged weapons and melee
   (+2).
   rF:        It makes you vulnerable to fire.
   rC:        It protects you from cold.
   rPois:     It protects you from poison.
 U - a +6 ring of strength
 V - a +4 ring of protection
Wands
 s - a wand of paralysis (8)
 w - a wand of flame (42) (quivered)
 K - a wand of roots (2)
Scrolls
 f - 2 scrolls of poison
 i - 7 scrolls of blinking
 o - 3 scrolls of fog
 F - 5 scrolls of teleportation
 O - 2 scrolls of amnesia
 X - a scroll of noise {unknown}
 Z - 3 scrolls of identify
Potions
 h - 6 potions of curing
 j - 5 potions of haste
 k - 5 potions of attraction
 l - 9 potions of invisibility
 n - 3 potions of might
 p - 4 potions of heal wounds
 q - 7 potions of degeneration
 r - 3 potions of brilliance
 t - 2 potions of cancellation
 v - 6 potions of mutation
 x - a potion of resistance {unknown}
 C - a potion of ambrosia
 E - 2 potions of flight
 M - a potion of magic {unknown}
 W - a potion of berserk rage {unknown}


   Skills:
 + Level 11.5 Fighting
 + Level 17.4 Maces & Flails
 - Level 2.3 Throwing
 - Level 11.0 Armour
 - Level 1.1 Dodging
 - Level 11.6 Shields
 - Level 4.0 Invocations


You had 11 spell levels left.
You knew the following spells:

 Your Spells              Type           Power      Damage    Failure   Level
a - Slow                  Hex            0%         N/A       100%        1

Your spell library contained the following spells:

 Spells                   Type           Power      Damage    Failure   Level
 Sandblast                Erth           0%         2d4       100%        1
 Ensorcelled Hibernation  Hex/Ice        0%         N/A       100%        2
 Passwall                 Tmut/Erth      0%         N/A       100%        2
 Scorch                   Fire           0%         2d5       100%        2
 Confusing Touch          Hex            0%         N/A       100%        3
 Ozocubu's Armour         Ice            0%         N/A       100%        3
 Spider Form              Tmut/Pois      0%         N/A       100%        3
 Stone Arrow              Conj/Erth      0%         3d7       100%        3
 Vampiric Draining        Necr           0%         2d6       100%        3
 Anguish                  Hex/Necr       0%         N/A       100%        4
 Animate Dead             Necr           0%         N/A       100%        4
 Flame Wave               Conj/Fire      0%         2d4       100%        4
 Summon Ice Beast         Ice/Summ       0%         N/A       100%        4
 Borgnjor's Vile Clutch   Necr/Erth      0%         N/A       100%        5
 Freezing Cloud           Conj/Ice/Air   0%         6-21      100%        5
 Metabolic Englaciation   Hex/Ice        0%         N/A       100%        5
 Death Channel            Necr           0%         N/A       100%        6
 Summon Cactus Giant      Summ           0%         N/A       100%        6
 Haunt                    Necr/Summ      0%         N/A       100%        7
 Infestation              Necr           0%         N/A       100%        8
 Polar Vortex             Ice            0%         N/A       100%        9


Dungeon Overview and Level Annotations

Branches:
Dungeon (11/15)            Temple (0/1) D:7            Lair (2/5) D:10
 Shoals (0/4) Lair:2        Snake (0/4) Lair:2          Orc (0/2) D:9
  IceCv (visited)

Altars:
Ashenzari
Cheibriados
Elyvilon
Fedhas
Gozag
Hepliaklqana
Kikubaaqudgha
Nemelex Xobeh
Okawaru
Trog
Uskayaw
Vehumet
Wu Jian
Xom
Yredelemnul
Zin

Shops:
D:4 !(?(   D:9 *   D:10 (*

Annotations:
Lair:2 exclusion: oklob plant


Innate Abilities, Weirdness & Mutations

You have a pair of horns on your head.
You reflexively headbutt those who attack you in melee.


Message History

You see here a staff of air.
Found a stone staircase leading up.
Found a blossoming altar of Fedhas.
An oklob plant comes into view.
Found 9 gold pieces.
Marking area around an oklob plant as unsafe for travelling.
An oklob plant comes into view.
The oklob plant spits acid at you. The splash of acid hits you!
The acid corrodes you!
Marking area around an oklob plant as unsafe for travelling.
The oklob plant spits acid at you. The splash of acid hits you!
You see here 24 gold pieces.
You hit the oklob plant.
Your weapon exudes an aura of protection.
The oklob plant is lightly damaged.
The oklob plant spits acid at you. The splash of acid hits you!!
The acid corrodes you!
You hit the oklob plant. You headbutt the oklob plant!
The oklob plant is moderately damaged.
The oklob plant spits acid at you. The splash of acid hits you!
You bludgeon the oklob plant!!
You headbutt the oklob plant, but do no damage.
The oklob plant is severely damaged.
You hit the oklob plant.
You headbutt the oklob plant, but do no damage.
The oklob plant is almost destroyed.
The oklob plant spits acid at you. The splash of acid hits you!
The acid corrodes you!
You bludgeon the oklob plant!!
You destroy the oklob plant!
Lugonu accepts your kill. The oklob plant spits acid at you.
The splash of acid hits you!!
* * * LOW HITPOINT WARNING * * *
The acid corrodes you! The oklob plant spits acid at you.
The splash of acid hits you!!
You die...

## #........####.... #
#....#..###...... ## ##...##.#
##..... .#### #...#######.....
....##### ♣♣♣ ♣♣♣.............
<....P#P#♣♣.♣♣♣♣♣♣♣♣♣..#.##P.....
.........♣.♣.♣♣$$.♣♣♣♣##.####....
.#.......♣♣.♣♣ ♣$_$♣ ### ##.#.
.........♣.♣.♣♣♣@$$♣ ###
.........♣.♣♣.♣..♣P♣ #
..........♣♣.♣.♣♣♣♣♣
.........♣♣♣♣.♣♣ # #.........♣ ♣♣
# ####P...P#♣ ##P#### ##


You could see an oklob plant.

Vanquished Creatures
  An azure jelly (IceCv)
  A quicksilver ooze (IceCv)
  Fannar (Lair:1)
  3 two-headed ogres
  Amaemon (Lair:2)
  An oklob plant (Lair:2)
  A manticore (D:11)
  A cyclops (D:11)
  2 ice statues (IceCv)
  An orange demon (Lair:2)
  2 torpor snails (Lair:1)
  A black mamba (Lair:1)
  4 cane toads (Lair:1)
  A gargoyle (D:11)
  Maggie (D:9)
  An unseen horror (D:10)
  5 komodo dragons
  A troll (D:8)
  2 hornets
  A wind drake (shapeshifter) (D:11)
  26 slime creatures (IceCv)
  Sigmund (D:4)
  A shadow (D:10)
  2 wyverns (D:10)
  21 yaks
  4 basilisks
  Grum (D:8)
  2 steam dragons
  Menkaure (D:6)
  4 nagas (Lair:2)
  An acid dragon (D:11)
  5 water moccasins
  9 orc warriors
  An ice beast (D:3)
  A black bear (D:5)
  A sky beast (D:6)
  3 great orb of eyes simulacra (IceCv)
  2 ogres (D:4)
  4 wolves (D:8)
  6 centaurs
  3 slime creature simulacra (IceCv)
  A phantom (D:5)
  A kobold brigand (D:9)
  6 bullfrogs
  2 necrophages
  3 scorpions
  3 glowing shapeshifter simulacra (IceCv)
  3 killer bees (D:9)
  3 hounds
  A gnoll bouda (D:7)
  A jelly (D:6)
  7 orc priests
  2 iguanas
  Natasha (thrice) (D:2)
  17 orc wizards
  2 shapeshifter simulacra (IceCv)
  Robin (D:4)
  10 gnolls
  6 adders
  13 white imps
  3 ufetubi
  A dart slug (D:3)
  55 orcs
  7 ball pythons
  5 bats
  7 endoplasms
  5 giant cockroaches
  10 goblins
  10 hobgoblins
  10 jackals
  4 quokkas
  2 frilled lizards
  13 kobolds
  5 rats
353 creatures vanquished.

Vanquished Creatures (others)
  A human (D:3)
  An orc wizard (D:5)
  3 fungi (Lair:2)
  17 plants (Lair:2)
22 creatures vanquished.

Grand Total: 375 creatures vanquished

Notes
Turn   | Place    | Note
-------+----------+-------------------------------------------
     0 | Abyss:1  | nickcage the Minotaur Abyssal Knight began the quest for
                  | the Orb.
     0 | Abyss:1  | Reached XP level 1. HP: 19/19 MP: 1/1
     1 | D:1      | Escaped the Abyss
   226 | D:1      | Reached skill level 3 in Maces & Flails
   266 | D:1      | Found a faded altar of an unknown god.
   443 | D:1      | Reached XP level 2. HP: 26/26 MP: 2/2
  1024 | D:2      | Reached skill level 4 in Maces & Flails
  1041 | D:2      | Noticed Natasha
  1044 | D:2      | Reached *** piety under Lugonu
  1045 | D:2      | Noticed a crimson imp
  1049 | D:2      | Killed Natasha
  1050 | D:2      | Reached XP level 3. HP: 19/31 MP: 3/3
  1213 | D:2      | Noticed Natasha
  1228 | D:2      | Killed Natasha
  1229 | D:2      | Reached skill level 5 in Maces & Flails
  1229 | D:2      | Reached XP level 4. HP: 11/39 MP: 4/4
  1372 | D:2      | Noticed Natasha
  1383 | D:2      | Killed Natasha
  1512 | D:2      | Reached skill level 1 in Shields
  1815 | D:2      | Reached skill level 6 in Maces & Flails
  2100 | D:3      | Reached XP level 5. HP: 40/45 MP: 5/5
  2329 | D:3      | Found an opulent altar of Gozag.
  2382 | D:3      | Found a hide-covered altar of Uskayaw.
  2838 | D:3      | Noticed an ice beast
  2864 | D:3      | Reached skill level 7 in Maces & Flails
  2875 | D:3      | Killed an ice beast
  2875 | D:3      | Reached **** piety under Lugonu
  2876 | D:3      | Reached XP level 6. HP: 23/51 MP: 6/6
  3399 | D:3      | Found an ancient bone altar of Kikubaaqudgha.
  3400 | D:3      | Noticed a human
  3405 | D:3      | Killed a human
  3673 | D:4      | Found Xafompa's Antique Weapon Shop.
  3711 | D:4      | Found Roarev's Distillery.
  3911 | D:4      | Bought a potion of might for 40 gold pieces
  3990 | D:4      | Reached skill level 8 in Maces & Flails
  4045 | D:4      | Found Zyunir's Magic Scroll Emporium.
  4082 | D:4      | Found Liys Gao's Antique Weapon Shoppe.
  4142 | D:4      | Found a basalt altar of Yredelemnul.
  4142 | D:4      | Found an ornate altar of the Wu Jian Council.
  4150 | D:4      | Found a white marble altar of Elyvilon.
  4152 | D:4      | Found a faded altar of an unknown god.
  4153 | D:4      | Noticed Sigmund
  4154 | D:4      | Found a snail-covered altar of Cheibriados.
  4158 | D:4      | Killed Sigmund
  4159 | D:4      | Reached XP level 7. HP: 51/57 MP: 7/7
  4357 | D:4      | Noticed Robin
  4359 | D:4      | Reached skill level 9 in Maces & Flails
  4376 | D:4      | Killed Robin
  4726 | D:4      | Found a radiant altar of Vehumet.
  4777 | D:4      | Found a hazy altar of Hepliaklqana.
  4876 | D:5      | Entered Level 5 of the Dungeon
  4941 | D:5      | Reached skill level 5 in Shields
  5070 | D:5      | Found a sparkling altar of Nemelex Xobeh.
  5209 | D:5      | Reached XP level 8. HP: 64/64 MP: 8/8
  5239 | D:5      | Reached skill level 10 in Maces & Flails
  5744 | D:5      | Found a broken altar of Ashenzari.
  6327 | D:6      | Reached skill level 11 in Maces & Flails
  6346 | D:6      | Found a blossoming altar of Fedhas.
  6415 | D:6      | Noticed Menkaure
  6421 | D:6      | Killed Menkaure
  6443 | D:6      | Found a bloodstained altar of Trog.
  6932 | D:7      | Found a staircase to the Ecumenical Temple.
  7014 | D:7      | Reached XP level 9. HP: 71/71 MP: 9/9
  7054 | D:7      | Noticed a two-headed ogre
  7067 | D:7      | Killed a two-headed ogre
  7342 | D:7      | Reached skill level 12 in Maces & Flails
  7536 | D:7      | Reached skill level 1 in Throwing
  7856 | D:7      | Found an iron altar of Okawaru.
  7871 | D:7      | Reached ***** piety under Lugonu
  7955 | D:8      | Noticed a troll
  7966 | D:8      | Killed a troll
  7967 | D:8      | Reached skill level 5 in Fighting
  7974 | D:8      | Noticed a two-headed ogre
  8147 | D:8      | Killed a two-headed ogre
  8148 | D:8      | Reached skill level 5 in Armour
  8472 | D:8      | Noticed Grum
  8480 | D:8      | Reached XP level 10. HP: 80/83 MP: 10/10
  8485 | D:8      | Killed Grum
  8498 | D:8      | Reached skill level 13 in Maces & Flails
 10081 | D:9      | Found a staircase to the Orcish Mines.
 10286 | D:9      | Found Giwir's General Store.
 10438 | D:9      | Found a shimmering altar of Xom.
 10439 | D:9      | Found a shimmering altar of Xom.
 10442 | D:9      | Found a shimmering altar of Xom.
 10456 | D:9      | Noticed Maggie
 10466 | D:9      | Killed Maggie
 10918 | D:10     | Entered Level 10 of the Dungeon
 10968 | D:10     | Reached skill level 10 in Shields
 11073 | D:10     | Found Irroec's Antique Weapon Shop.
 11079 | D:10     | Bought a runed morningstar for 203 gold pieces
 11227 | D:10     | Learned a level 1 spell: Slow
 11250 | D:10     | Reached XP level 11. HP: 81/92 MP: 12/12
 11254 | D:10     | Found Zin's Purification Station.
 11294 | D:10     | Found a glowing silver altar of Zin.
 11845 | D:10     | Reached skill level 14 in Maces & Flails
 12255 | D:10     | Found a staircase to the Lair.
 12472 | D:11     | Noticed a two-headed ogre
 12482 | D:11     | Killed a two-headed ogre
 12574 | D:11     | Found a frozen archway.
 12611 | IceCv    | Entered an ice cave
 13566 | IceCv    | Got Qownuoshree's Handbook of Hypothermia
 13735 | IceCv    | Reached skill level 15 in Maces & Flails
 13735 | IceCv    | Reached skill level 10 in Armour
 14195 | IceCv    | Reached ****** piety under Lugonu
 14581 | IceCv    | Reached XP level 12. HP: 42/103 MP: 5/14
 14903 | IceCv    | Noticed a quicksilver ooze
 14914 | IceCv    | Killed a quicksilver ooze
 15033 | IceCv    | Found a viscous altar of Jiyva.
 15033 | IceCv    | Noticed an azure jelly
 15044 | IceCv    | Killed an azure jelly
 15180 | IceCv    | Got the Handbook of Hoarfrost
 15181 | IceCv    | Identified the amulet of Gaghul Piro {Reflect rPois Str+2
                  | SH+5 Stlth+}
 15183 | IceCv    | Identified the ring "Gaonlal" {+Blink rF+ Int+6}
 15186 | IceCv    | Got the ring of Truth {Ice rPois Str+2 Slay+2}
 15915 | Lair:1   | Entered Level 1 of the Lair of Beasts
 15915 | Lair:1   | Noticed Fannar
 15942 | Lair:1   | Killed Fannar
 15943 | Lair:1   | Reached skill level 16 in Maces & Flails
 16313 | Lair:1   | Reached skill level 10 in Fighting
 16731 | Lair:1   | Reached skill level 17 in Maces & Flails
 17269 | Lair:2   | Noticed Amaemon
 17689 | Lair:2   | Found a staircase to the Snake Pit.
 17804 | Lair:2   | Found a staircase to the Shoals.
 17873 | Lair:2   | Killed Amaemon
 17882 | Lair:2   | Reached XP level 13. HP: 78/116 MP: 15/15
 18068 | Lair:2   | Found a blossoming altar of Fedhas.
 18078 | Lair:2   | Killed from afar by an oklob plant

Illustrated notes

Levels and vault maps discovered:
D:1:      minmay_arrival_doors, layout_basic,
          ebering_ecumenical_altar_sacrificial, minmay_misc_feat_room
D:2:      layout_loops_ring, uniq_natasha
D:3:      layout_loops_ring, mainiacjoe_overflow_cross_hatched,
          tgw_kikubaaqudgha, lemuel_round_altar, minmay_diced_spiral
D:4:      layout_loops_cross, kennysheep_mini, mainiacjoe_overflow_alcove_4,
          chequers_temple_overflow_minitemple, serial_shops,
          nicolae_square_shop, nicolae_lakefront_shop, nicolae_take_the_stairs,
          shop, minmay_unequal, uniq_sigmund, uniq_robin
D:5:      layout_loops_ring, evilmike_ruin_ashenzari, nemelex_spade_bored_becter
D:6:      layout_basic, lemuel_doored_altar,
          mainiacjoe_overflow_small_starburst, uniq_menkaure
D:7:      layout_rooms, okawaru_altar_gauntlet_db,
          minmay_temple_entry_statues_fountains,
          minmay_a_box_with_orc_wizards_in_it
D:8:      layout_loops_cross, uniq_grum
D:9:      layout_basic, xom_redecorated, david_orc_5, serial_shops,
          nicolae_diamond_shop, uniq_maggie
D:10:     layout_loops_ring, zin_purify, erik_lair_dragon, serial_shops,
          kennysheep_little_box
D:11:     layout_cross, portal_ice_cave_entry_imps
Lair:1:   layout_concentric_octagons, uniq_fannar
Lair:2:   layout_cave_pods, minmay_shoals_entry_centaurs,
          minmay_snake_entry_guardpost_medium, hangedman_tree_tricks,
          grunt_megastairs_2, uniq_amaemon

Skill      XL: |  1  2  3  4  5  6  7  8  9 10 11 12 |
---------------+-------------------------------------+-----
Maces & Flails | 3 4 5 6 7 8 9 11 12 13 15 17 | 17.4
Shields        | 1 2 4 5 7 9 10 11 | 11.6
Armour         | 3 5 7 10 11 | 11.0
Fighting       | 5 7 8 11 | 11.5
Throwing       | 1 2 |  2.3
Invocations    | 3 4 |  4.0
Dodging        | |  1.1

Action                   |  1- 3 |  4- 6 |  7- 9 | 10-12 | 13-15 || total
-------------------------+-------+-------+-------+-------+-------++-------
Melee: Mace              |    49 |   149 |   124 |       |       ||   322
       Headbutt          |     5 |    25 |    38 |   188 |     3 ||   259
       Flail             |       |       |   152 |   203 |       ||   355
       Morningstar       |       |       |       |   565 |     5 ||   570
Throw: Dart              |       |       |    17 |    10 |       ||    27
Evoke: Wand              |       |       |       |     6 |       ||     6
  Use: Scroll            |       |     9 |     2 |     8 |       ||    19
       Potion            |       |       |       |     1 |       ||     1
Armor: Ring mail         |    24 |    23 |       |       |       ||    47
       Leather armour    |     1 |       |       |       |       ||     1
       Plate armour      |       |    53 |   151 |   438 |       ||   642
Dodge: Dodged            |    23 |    60 |    39 |   119 |       ||   241
Block: Kite shield       |    11 |    67 |   140 |   487 |       ||   705
       Reflection        |       |       |       |    19 |       ||    19
